AoeStats
← Lord_M@ster

Arena

510228129Analyzed
2v2 RM · 1d ago on Sep 30, 2026· 45m 43s· 4 players
Game mode
Random Map
Map size
Medium (4 player)
Population
200
Speed
Normal
Resources
Standard
Victory
Conquest
Starting age
Dark Age
Ending age
Imperial Age
RankedLock teamsTeams togetherTeam positionsShared explorationLock speedFull tech treeHidden civsTurbo modeCheats
Victory
Defeat
🇭🇳 Wu · Honduras
1412
+14
🇭🇳 Cumans · Honduras
1412
+14
🇦🇷 Teutons · Argentina
1387
-14
🇲🇽 Persians · Mexico
1361
-14
Lord_M@ster
5:04 Loom
9:18 Feudal Age
10:00 Double-Bit Axe
13:37 Fletching
26:36 Castle Age
25:02 Horse Collar
25:15 Gold Mining
26:49 Scale Mail Armor
27:01 Forging
27:19 Squires
27:02 Pikeman
27:30 Gambesons
29:20 Chain Mail Armor
37:57 Bow Saw
41:41 Wheelbarrow
42:34 Iron Casting
42:23 Stone Mining
Marco Aurelio
10:18 Feudal Age
14:42 Castle Age
14:34 Scale Barding Armor
14:21 Double-Bit Axe
14:16 Horse Collar
15:29 Horse Collar
17:57 Bloodlines
25:05 Chain Barding Armor
26:14 Husbandry
26:31 Forging
27:20 Bow Saw
27:11 Heavy Plow
29:10 Wheelbarrow
28:24 Loom
32:46 Iron Casting
36:09 Imperial Age
35:19 Gold Mining
36:01 Cavalier
37:18 Plate Barding Armor
37:34 Fletching
42:15 Blast Furnace
44:23 Bodkin Arrow
[TeBrR] Overlord201
0:33 Loom
9:16 Feudal Age
12:31 Double-Bit Axe
13:04 Horse Collar
20:52 Castle Age
20:19 Scale Barding Armor
20:24 Forging
20:56 Bloodlines
21:10 Gold Mining
22:44 Chain Barding Armor
30:00 Iron Casting
28:57 Capped Ram
30:32 Bow Saw
30:17 Stone Mining
30:48 Crossbowman
32:05 Fletching
32:16 Padded Archer Armor
32:38 Ballistics
35:59 Bodkin Arrow
39:41 Imperial Age
38:38 Gold Shaft Mining
41:47 Chemistry
42:29 Leather Archer Armor
42:39 Conscription
42:08 Elite Steppe Lancer
45:32 Blast Furnace
[TeBrR] Bandwidth
6:54 Loom
9:16 Feudal Age
15:12 Castle Age
13:26 Double-Bit Axe
28:44 Bow Saw
32:07 Horse Collar
34:01 Wheelbarrow
34:51 Herbal Medicine
36:05 Coinage
38:14 Town Watch
40:27 Town Patrol
40:42 Hand Cart
42:07 Fletching
43:51 Treadmill Crane
45:58 Ballistics
45:37 Bodkin Arrow
Connection lost

Rejoining the realm…

Still unreachable

The connection could not be restored.

Session expired

The server has moved on; the page needs a fresh start.